 Dungeon Crawl Stone Soup version 0.23-a0-831-g5da158a (console) character file.

253 Duffy the Chopper (level 6, -1/56 HPs)
             Began as a Naga Fighter on Jan 23, 2019.
             Slain by a gnoll
             ... wielding a cursed +0 club
              (6 damage)
             ... on level 3 of the Dungeon.
             The game lasted 00:02:13 (1129 turns).

Duffy the Chopper (Naga Fighter)                    Turns: 1129, Time: 00:02:13

Health: -1/56      AC:  5    Str: 24    XL:     6   Next: 14%
Magic:  6/6        EV:  6    Int: 10    God:
Gold:   41         SH: 10    Dex: 10    Spells: 5/5 levels left

rFire    . . .     SeeInvis +   a - +0 war axe
rCold    . . .     Gourm    .   c - +0 shield
rNeg     . . .     Faith    .   b - +0 scale mail
rPois    +         Spirit   .   (no helmet)
rElec    .         Reflect  .   (no cloak)
rCorr    .         Harm     .   (no gloves)
MR       +....                  (no barding)
Stlth    ..........             (no amulet)
HPRegen  0.18/turn              i - ring of attention (curse)
MPRegen  0.10/turn              t - ring of protection from magic

@: mighty, very slow
A: large, see invisible, deformed body, poison resistance, slowness 2, slow
metabolism 1, spit poison 1, AC +2
a: Spit Poison


You were on level 3 of the Dungeon.
You were not hungry.

You visited 1 branch of the dungeon, and saw 4 of its levels.

You collected 41 gold pieces.

Inventory:

Hand Weapons
 a - a +0 war axe (weapon)
Armour
 b - a +0 scale mail (worn)
 c - a +0 shield (worn)
 s - a +0 ring mail
Jewellery
 e - an uncursed ring of fire
 i - a cursed ring of attention (left hand)
 t - a ring of protection from magic (right hand)
Scrolls
 g - a scroll of blinking {unknown}
 j - a scroll of remove curse {unknown}
 o - a scroll of enchant armour {unknown}
 r - a scroll of fog {unknown}
Potions
 k - a potion of berserk rage {unknown}
 l - a potion of curing {unknown}
 m - a potion of magic {unknown}
 n - a potion of agility {unknown}
 p - a potion of lignification {unknown}
 q - a potion of mutation {unknown}
Comestibles
 f - 2 rations
 h - a chunk of flesh


   Skills:
 - Level 3.0 Fighting
 + Level 4.6 Axes
 - Level 2.4 Armour
 + Level 4.2 Shields


You had 5 spell levels left.
You didn't know any spells.
Your spell library was empty.

Dungeon Overview and Level Annotations

Branches:
Dungeon (4/15)
 Temple: D:4-7

Altars:


Innate Abilities, Weirdness & Mutations

You cannot wear boots.
Your serpentine skin is tough. (AC +2)
You have supernaturally acute eyesight. (SInv)
Armour fits poorly on your strangely shaped body.
Your system is resistant to poisons. (rPois)
You cover ground very slowly.
You have a slow metabolism.
You can spit poison.


Message History

You slash the orc wizard!
You kill the orc wizard!
You have reached level 6!
Your experience leads to an increase in your attributes!
Your base attributes are Str 19, Int 9, Dex 10.
Increase (S)trength, (I)ntelligence, or (D)exterity?
You feel clever.
Your skin feels tougher.
The gnoll barely misses you.
You closely miss the gnoll.
The gnoll is heavily wounded.
You block the gnoll's attack.
You hit the gnoll.
The gnoll is almost dead.
The gnoll barely misses you.
You slash the gnoll!
You kill the gnoll!
The orc wizard mumbles some strange words.
The orc wizard blinks!
The gnoll hits you with a cursed +0 club.
You die...

#.# #..# #.#
#..# #.# #..#
#.# #..#
##.#######..#
#...........#
#g0..#####..#
#g##.# #@##o#
#.##g.
#.##o.#
#.##..#
#.##o..
#.###.# #.#
.# #..


You could see 2 gnolls.

Vanquished Creatures
  The ghost of poxu the Magician, an amateur GrWz (D:3)
  An orc priest (D:3)
  An orc wizard (D:3)
  2 gnolls (D:3)
  3 adders
  2 worms
  3 dart slugs
  A leopard gecko (D:3)
  4 orcs (D:3)
  A giant cockroach (D:2)
  3 goblins (D:2)
  3 hobgoblins
  6 jackals
  A frilled lizard (D:2)
  2 rats
34 creatures vanquished.

Notes
Turn   | Place    | Note
-------+----------+-------------------------------------------
     0 | D:1      | Duffy the Naga Fighter began the quest for the Orb.
     0 | D:1      | Reached XP level 1. HP: 21/21 MP: 1/1
    25 | D:2      | Reached XP level 2. HP: 28/28 MP: 2/2
   172 | D:2      | Reached XP level 3. HP: 28/34 MP: 3/3
   558 | D:3      | Found a runed gate.
   558 | D:3      | Found a runed gate.
   560 | D:3      | Found a runed gate.
   564 | D:3      | Noticed poxu's ghost (amateur GrWz)
   609 | D:3      | Killed poxu's ghost
   609 | D:3      | Reached XP level 4. HP: 14/42 MP: 4/4
   609 | D:3      | Reached XP level 5. HP: 16/49 MP: 5/5
  1042 | D:4      | Noticed an ogre
  1126 | D:3      | Reached XP level 6. HP: 4/56 MP: 6/6
  1129 | D:3      | Slain by a gnoll

Vault maps used:
D:1:      minmay_arrival_radiant_lines
D:2:      kennysheep_six_static_rooms, chequers_ecumenical_altar_lobes
D:3:      ebering_ghost_rock_garden, tgw_trog
D:4:      grunt_temple_overflow_order_and_chaos_2,
          amethyst_overflow_temple_binary, kennysheep_generic_room_13,
          uniq_pikel, uniq_crazy_yiuf_cottage, uniq_sigmund

Skill      XL: |  1  2  3  4  5 |
---------------+----------------+-----
Shields        | 3 4 |  4.2
Axes           | 4 |  4.6
Fighting       | |  3.0
Armour         | |  2.4

Action                   |  1- 3 |  4- 6 || total
-------------------------+-------+-------++-------
Melee: War axe           |    57 |    44 ||   101
 Abil: Spit Poison       |     4 |       ||     4
  Use: Potion            |       |     1 ||     1
Armor: Scale mail        |    22 |    13 ||    35
Dodge: Dodged            |     7 |    11 ||    18
Block: Shield            |    31 |    28 ||    59

Table legend:
 A = Non-vault XP
 B = Vault XP
 C = Vault XP percentage of total XP
 D = Non-vault monster count
 E = Vault monster count
 F = Vault count percentage of total count
                 A         B        C        D         E       F
            +---------+---------+-------+---------+---------+-------
      Total |     199 |     163 |  45.0 |      27 |       7 |  20.6
            +---------+---------+-------+---------+---------+-------
        D:1 |       6 |       0 |   0.0 |       2 |       0 |   0.0
        D:2 |      45 |      15 |  25.0 |      11 |       6 |  35.3
        D:3 |     148 |     148 |  50.0 |      14 |       1 |   6.7
            +---------+---------+-------+---------+---------+-------
